 Dungeon Crawl Stone Soup version 0.13.0-18-g7b03ea5 (webtiles) character file.

689 Malachi the Geomancer (level 7, -3/50 HPs)
             Began as a Ghoul Earth Elementalist on Oct 22, 2013.
             Slain by a gnoll
             ... wielding a +0,+0 spear
              (10 damage)
             ... on Level 3 of the Dungeon.
             The game lasted 00:09:03 (5178 turns).

Malachi the Geomancer (Ghoul Earth Elementalist)    Turns: 5178, Time: 00:09:03

HP  -3/50        AC  3     Str 12      XL: 7   Next: 30%
MP   5/10        EV 12     Int 12      God:
Gold 134         SH  0     Dex  9      Spells:  2 memorised,  6 levels left

Res.Fire  : . . .   See Invis. : .   b - 30 stones
Res.Cold  : + . .   Warding    : .   c - +0 robe
Life Prot.: + + +   Conserve   : .   (no shield)
Res.Poison: +       Res.Corr.  : .   n - +0 helmet
Res.Elec. : .       Clarity    : .   (no cloak)
Sust.Abil.: . .     Spirit.Shd : .   (no gloves)
Res.Mut.  : .       Stasis     : .   (no boots)
Res.Rott. : +       Flight     : .   (no amulet)
Saprovore : + + +                    (no ring)
                                     (no ring)

@: rotting, slightly resistant to hostile enchantments, fairly stealthy
A: rotting body, claws 1, carnivore 3, cold resistance 1, life protection 3,
poison resistance, saprovore 3, slow healing 1, torment resistance, unbreathing
a: no special abilities


You were on level 3 of the Dungeon.
You were not hungry.

You visited 1 branch of the dungeon, and saw 4 of its levels.

You collected 114 gold pieces.

Inventory:

Missiles
 b - 30 stones (in claw)
Armour
 c - a +0 robe (worn)
 n - a +0 helmet (worn)
Comestibles
 f - a beef jerky
 q - 2 meat rations
 u - 2 rotting chunks of kobold flesh
Scrolls
 a - a scroll of fear {unknown}
 e - a scroll of blinking {unknown}
 h - 5 scrolls of identify {unknown}
 i - 3 scrolls of remove curse {unknown}
 j - a scroll of magic mapping {unknown}
 k - a scroll of teleportation {unknown}
 l - 2 scrolls of curse armour {unknown}
 o - a scroll of fog {unknown}
 t - a scroll of enchant weapon I {unknown}
 v - a scroll of enchant weapon II {unknown}
Jewellery
 g - an uncursed ring of invisibility {unknown}
 r - an uncursed amulet of conservation {unknown}
 s - an uncursed ring of positive energy {unknown}
Potions
 m - a potion of paralysis {unknown}
 p - a potion of coagulated blood
Books
 d - a book of Geomancy

   Spells                             Type                      Level
   *Sandblast                         Earth                        1
   Stoneskin                          Transmutation/Earth          2
   Passwall                           Transmutation/Earth          3
   *Stone Arrow                       Conjuration/Earth            3
   Petrify                            Transmutation/Earth          4
   Lee's Rapid Deconstruction         Earth                        5


   Skills:
 - Level 1.8 Dodging
 - Level 2.4 Stealth
 - Level 0.2 Unarmed Combat
 - Level 2.1 Spellcasting
   Level 0.8 Transmutations
 * Level 8.4 Earth Magic


You had 6 spell levels left.
You knew the following spells:

 Your Spells              Type           Power        Failure   Level  Hunger
a - Sandblast             Erth           ###...       1%          1    ##.....
b - Stone Arrow           Conj/Erth      ##....       17%         3    ####...


Dungeon Overview and Level Annotations

Branches:
Dungeon (4/27)
 Temple: D:4-7

Altars:
Makhleb
Sif Muna
Yredelemnul


Innate Abilities, Weirdness & Mutations

Your body is rotting away.
You have sharp fingernails.
You are carnivorous and can eat meat at any time.
Your flesh is cold resistant.
You are immune to negative energy.
Your system is resistant to poisons.
You thrive on rotten meat.
You heal slowly.
You are immune to unholy pain and torment.
You can survive without breathing.


Message History

* * * LOW HITPOINT WARNING * * *
The gnoll hits you but does no damage. The gnoll hits you with a club.
* * * LOW HITPOINT WARNING * * *
Casting: Sandblast
Confirm with . or Enter, or press ? or * to list all spells.
Aiming: Sandblast
Press: ? - help, Shift-Dir - straight line, f/p - gnoll
Aim: a gnoll, wielding a club (severely wounded)
The rocky blast hits the gnoll.
The gnoll is severely wounded.
The gnoll closely misses you.
Casting: Sandblast
Confirm with . or Enter, or press ? or * to list all spells.
Aiming: Sandblast
Press: ? - help, Shift-Dir - straight line, f/p - gnoll
Aim: a gnoll, wielding a club (severely wounded)
The rocky blast hits the gnoll.
You kill the gnoll!
The gnoll hits you from afar with a spear!
You die...

#########################
#.....##@)g..............
#.....##g######.........#
#.....##l# #.........#
#....)##.# #.........#
#.....##.######.........#
#........................
#.......................#
#........................
###......................


You could see 2 gnolls and a giant gecko.

Vanquished Creatures
  The ghost of Malachi the Chucker, an average OgHu (D:3)
  An ice beast (D:3)
  A black bear (D:3)
  A hound (D:3)
  Terence (D:3)
  2 adders (D:2)
  6 gnolls
  2 giant mites
  3 worms
  2 giant geckos (D:2)
  2 oozes (D:1)
  6 bats
  6 giant cockroaches
  11 hobgoblins
  2 quokkas (D:2)
  7 giant newts
  6 goblins
  4 jackals (D:3)
  5 kobolds
  11 rats
80 creatures vanquished.

Notes
Turn   | Place    | Note
--------------------------------------------------------------
     0 | D:1      | Malachi, the Ghoul Earth Elementalist, began the quest for the Orb.
     0 | D:1      | Reached XP level 1. HP: 14/14 MP: 3/3
    55 | D:1      | Reached XP level 2. HP: 17/20 MP: 0/4
   221 | D:1      | Reached skill level 4 in Earth Magic
   251 | D:1      | Reached XP level 3. HP: 20/26 MP: 0/5
  1515 | D:2      | Reached XP level 4. HP: 23/32 MP: 4/6
  1745 | D:2      | Found a basalt altar of Yredelemnul.
  2196 | D:2      | Learned a level 3 spell: Stone Arrow
  2303 | D:2      | Reached skill level 5 in Earth Magic
  2694 | D:2      | Reached XP level 5. HP: 32/36 MP: 1/8
  3343 | D:3      | Noticed an ice beast
  3402 | D:3      | Killed an ice beast
  3402 | D:3      | Reached skill level 6 in Earth Magic
  3402 | D:3      | Reached XP level 6. HP: 4/45 MP: 6/10
  3778 | D:3      | Noticed a black bear
  3785 | D:3      | Killed a black bear
  3785 | D:3      | Reached skill level 7 in Earth Magic
  3926 | D:3      | Noticed Terence
  3967 | D:3      | Noticed Malachi's ghost (average OgHu)
  3985 | D:3      | Killed Terence
  4302 | D:3      | Killed Malachi's ghost
  4302 | D:3      | Reached skill level 8 in Earth Magic
  4302 | D:3      | Reached XP level 7. HP: 43/49 MP: 1/10
  4482 | D:3      | Found a deep blue altar of Sif Muna.
  4619 | D:3      | Found a burning altar of Makhleb.
  5178 | D:3      | Slain by a gnoll

Action                   |  1- 3 |  4- 6 |  7- 9 || total
-------------------------+-------+-------+-------++-------
Melee: Unarmed           |    57 |    40 |       ||    97
 Cast: Sandblast         |    43 |   108 |    35 ||   186
       Stone Arrow       |       |     1 |       ||     1
  Use: Potion            |       |     3 |       ||     3
 Stab: Sleeping          |     1 |       |       ||     1
